 Dungeon Sprint DCSS version 0.31.0-12-g77e489cdc1 (webtiles) character file.

Game seed: 15206139784418388763

166 Minsecho the Toxicologist (level 9, -14/69 HPs)
             Began as a Formicid Alchemist on Feb 17, 2024.
             Was a Priest of Okawaru.
             Demolished by a naga
             ... wielding a +0 long sword
              (24 damage)
             ... in the Dungeon (Sprint VI: "Thunderdome").
             The game lasted 00:09:27 (717 turns).

Minsecho the Toxicologist (Formicid Alchemist)       Turns: 717, Time: 00:09:31

Health: -14/69     AC:  4    Str: 18    XL:     9   Next: 47%
Magic:  17/22      EV: 17    Int: 14    God:    Okawaru [***...]
Gold:   220        SH:  0    Dex: 14    Spells: 12/26 levels left

rFire   . . .        l - +3 scythe (venom)
rCold   . . .        (no shield)
rNeg    . . .        n - +0 troll leather armour
rPois   .            (helmet unavailable)
rElec   .            (no cloak)
rCorr   .            (no gloves)
SInv    +            (no boots)
Will    .....        (no amulet)
Stlth   ++++         (no ring)
HPRegen 1.11/turn    (no ring)
MPRegen 0.18/turn

%: no passive effects
@: lethally poisoned (-14 -> -21), heroic, very slightly contaminated
A: permanent stasis, dig shafts and tunnels, antennae 3, four strong arms
a: Dig, Renounce Religion, Heroism


You were in the Dungeon.
You worshipped Okawaru.
Okawaru was most pleased with you.
You visited 1 branch You collected 400 gold pieces.
You spent 180 gold pieces at shops.

Inventory:

Hand Weapons
 k - a +0 mace
 l - a +3 scythe of venom (weapon)
 o - a +4 dagger of venom
Armour
 a - a +0 robe
 m - a +0 ring mail
 n - a +0 troll leather armour (worn)
Wands
 e - a wand of iceblast (4)
 f - a wand of quicksilver (1)
Scrolls
 g - 2 scrolls of blinking
 h - 3 scrolls of fog
Potions
 b - 3 potions of magic
 d - 2 potions of heal wounds
 i - a potion of resistance
 j - 3 potions of haste {unknown}


   Skills:
 * Level 6.0(11.0) Fighting
 + Level 4.8(9.8) Maces & Flails
 + Level 4.4(9.4) Polearms
 + Level 4.6(9.6) Armour
 + Level 5.9(10.9) Dodging
 - Level 4.7(9.7) Stealth
 + Level 0.4(5.4) Unarmed Combat
 + Level 9.0 Spellcasting
 + Level 4.2 Conjurations
 + Level 1.3 Air Magic
 + Level 14.5 Alchemy
 * Level 7.8 Invocations
 + Level 3.0 Evocations


You had 12 spell levels left.
You knew the following spells:

 Your Spells              Type           Power      Damage    Failure   Level
a - Sting                 Conj/Alch      100%       1d9       1%          1
b - Olgreb's Toxic Radia  Alch           47%        N/A       1%          4
c - Mercury Vapours       Alch/Air       56%        N/A       1%          2
d - Mephitic Cloud        Conj/Alch/Air  25%        N/A       2%          3
e - Sticky Flame          Fire/Alch      26%        2d6       7%          4

Your spell library contained the following spells:

 Spells                   Type           Power      Damage    Failure   Level


Dungeon Overview and Level Annotations

Branches:
Dungeon (1/1)

Altars:
Cheibriados
Dithmenos
Fedhas
Gozag
Kikubaaqudgha
Makhleb
Okawaru
Qazlal
Ru
Sif Muna
Trog
Uskayaw
Vehumet
Wu Jian
Xom
Yredelemnul
Zin
The Shining One
Lugonu

Shops:
D *[=??*?*:[((!!!!

Annotations:
D Aizul


Innate Abilities, Weirdness & Mutations

You cannot be hasted, slowed, berserked, paralysed or teleported.
You can dig through walls and to a lower floor.
You have a pair of large antennae on your head. (SInv)
Your four strong arms can wield two-handed weapons with a shield.


Message History

The naga hits you with a +0 long sword! The naga constricts you.
Aizul casts a spell at you. You resist with significant effort.
You gain the combat prowess of a mighty hero.
The naga hits you with a +0 long sword! The naga constricts you.
Okay, then.
You escape the naga's grasp.
The naga spits poison at you. The splash of poison hits you!
You are poisoned.
* * * LOW HITPOINT WARNING * * *
You feel better.
Okay, then.
Okay, then.
Unknown command.
Press: ? - help, v - describe, . - travel
Here: Aizul The floor.
Casting: Mephitic Cloud (dangerous; 2% risk of failure)
Confirm with . or Enter, or press ? or * to list all spells.
Aiming: Sticky Flame (dangerous; 7% risk of failure)
Press: ? - help, Shift-Dir - straight line, f - Aizul, p - naga
Aim: Aizul You miscast Sticky Flame.
You are very lightly contaminated with residual magic.
Nothing appears to happen.
Aizul closely misses you.
Aizul coils herself and waves her upper body at you.
The bolt of poison hits you!
You are poisoned.
* * * LOW HITPOINT WARNING * * *
The bolt of poison hits the naga.
Unknown command.
As you read the scroll labelled HUITWUXYINN, it crumbles to dust.
Your stasis prevents you from teleporting.
It was a scroll of blinking.
You feel very sick.
Aizul coils herself and waves her upper body at you.
You resist with significant effort.
The naga hits you with a +0 long sword!!
You die...

###∩........8.# #[8........∩#
##...........÷.###............
#⌠..........###...###.........
#⌠..........# #.<.# #.........
#⌠..........###...###.........
##............÷###.†..........
###∩........8.# #†8........∩#
##∩___...[..###......___∩##
######.8S@N......8.######
#⌠...........⌠#
###.........### #_......._#
#_......._# #.........#
#∩.......∩# ##∩.....∩##
##.....##


You could see Aizul and a naga (catching breath).

Vanquished Creatures
  Josephine (D)
  2 cane toads (D)
  Prince Ribbit (D)
  A blink frog (D)
  Sigmund (D)
  Pargi (D)
  2 bullfrogs (D)
  2 river rats (D)
  3 adder zombies (D)
  2 orcs (D)
  A bat zombie (D)
  A goblin (D)
  2 quokkas (D)
  A ball python zombie (D)
  2 rats (D)
23 creatures vanquished.

Notes
Turn   | Place    | Note
-------+----------+-------------------------------------------
     0 | D        | Minsecho the Formicid Alchemist began the quest for the
                  | Orb.
     0 | D        | Reached XP level 1. HP: 13/13 MP: 3/3
     1 | D        | Found a burning altar of Makhleb.
     1 | D        | Found a basalt altar of Yredelemnul.
     2 | D        | Found a stormy altar of Qazlal.
     2 | D        | Found a bloodstained altar of Trog.
     3 | D        | Found a shimmering blue altar of Sif Muna.
     3 | D        | Found an opulent altar of Gozag.
     4 | D        | Found Wiab's Identification Station.
     4 | D        | Found a glowing silver altar of Zin.
     4 | D        | Found a hide-covered altar of Uskayaw.
     4 | D        | Found Pesur's Timeless Talismans.
     5 | D        | Found Zuibu's Advanced Armour.
     5 | D        | Found Ibubouth's Jewellery.
     5 | D        | Round 1.
     7 | D        | Found an ancient bone altar of Kikubaaqudgha.
     8 | D        | Found an ornate altar of the Wu Jian Council.
     9 | D        | Found a snail-covered altar of Cheibriados.
    10 | D        | Found a blossoming altar of Fedhas.
    10 | D        | Found a shimmering altar of Xom.
    10 | D        | Found Hasyipte's Magic Scroll Shop.
    10 | D        | Found Qenaont's Staff Store.
    11 | D        | Found Reuw's Magic Scroll Shop.
    11 | D        | Found Imioxe's Must-Have Magic.
    11 | D        | Noticed Sigmund
    14 | D        | Found an iron altar of Okawaru.
    22 | D        | Found a corrupted altar of Lugonu.
    25 | D        | Killed Sigmund
    26 | D        | Reached skill level 5 in Spellcasting
    26 | D        | Reached skill level 1 in Conjurations
    26 | D        | Reached skill level 10 in Alchemy
    26 | D        | Reached skill level 1 in Evocations
    26 | D        | Reached XP level 2. HP: 14/19 MP: 0/8
    26 | D        | Reached XP level 3. HP: 17/24 MP: 0/9
    26 | D        | Reached XP level 4. HP: 22/30 MP: 0/11
    26 | D        | Reached XP level 5. HP: 26/35 MP: 0/12
    30 | D        | Found Vaximeun's Distillery.
    31 | D        | Found Ale Itis's Distillery.
    31 | D        | Found Lysaar's Bottled Wisdom.
    35 | D        | Became a worshipper of Warmaster Okawaru
    77 | D        | Learned a level 4 spell: Olgreb's Toxic Radiance
    80 | D        | Learned a level 2 spell: Mercury Vapours
    84 | D        | Learned a level 3 spell: Mephitic Cloud
    89 | D        | Learned a level 4 spell: Sticky Flame
    96 | D        | Found Lybben's Do-It-Yourself Clinic.
    96 | D        | Found a radiant altar of Vehumet.
    96 | D        | Found a sacrificial altar of Ru.
   108 | D        | Found a glowing golden altar of the Shining One.
   111 | D        | Found a shadowy altar of Dithmenos.
   111 | D        | Found Duddel's Weapon Rack.
   111 | D        | Found Ygiesch's Basic Armour.
   112 | D        | Found Soevvept's Miscellaneous Merchandise.
   117 | D        | Found Ujerok's Premium Goods.
   118 | D        | Bought a +0 troll leather armour for 180 gold pieces
   168 | D        | Arena points: 12 (+12) [x2]
   203 | D        | Round 2.
   221 | D        | Noticed Pargi
   228 | D        | Killed Pargi
   229 | D        | Reached skill level 1 in Fighting
   229 | D        | Reached skill level 1 in Polearms
   229 | D        | Reached skill level 1 in Armour
   229 | D        | Reached skill level 11 in Alchemy
   229 | D        | Reached XP level 6. HP: 26/43 MP: 5/14
   274 | D        | Reached skill level 1 in Invocations
   288 | D        | Arena points: 54 (+42) [x3]
   332 | D        | Round 3.
   341 | D        | Reached skill level 1 in Maces & Flails
   341 | D        | Reached skill level 12 in Alchemy
   367 | D        | Noticed Prince Ribbit
   379 | D        | Killed Prince Ribbit
   379 | D        | Reached * piety under Okawaru
   380 | D        | Reached skill level 5 in Dodging
   380 | D        | Reached XP level 7. HP: 48/48 MP: 5/17
   450 | D        | Noticed a cane toad
   450 | D        | Noticed a blink frog
   456 | D        | Killed a cane toad
   456 | D        | Reached ** piety under Okawaru
   457 | D        | Reached skill level 13 in Alchemy
   457 | D        | Reached skill level 5 in Invocations
   457 | D        | Reached XP level 8. HP: 34/58 MP: 4/19
   468 | D        | Killed a blink frog
   469 | D        | Noticed a cane toad
   478 | D        | Killed a cane toad
   478 | D        | Reached *** piety under Okawaru
   478 | D        | Arena points: 138 (+84) [x4]
   519 | D        | Round 4.
   628 | D        | Noticed Josephine
   642 | D        | Killed Josephine
   643 | D        | Reached skill level 1 in Air Magic
   643 | D        | Reached skill level 14 in Alchemy
   643 | D        | Reached XP level 9. HP: 69/69 MP: 9/22
   684 | D        | Arena points: 166 (+28) [x1]
   699 | D        | Round 5.
   711 | D        | Identified the serpent talisman of Beogh, Transmuting
                  | {Dex+3}
   711 | D        | Noticed Aizul
   717 | D        | Demolished by a naga

Illustrated notes

Levels and vault maps discovered:
D:        arena_sprint

Skill      XL: |  1  2  3  4  5  6  7  8 |
---------------+-------------------------+-----
Dodging        | 3 4 5 |  5.9
Stealth        | 4 |  4.7
Spellcasting   | 5 6 7 9 |  9.0
Conjurations   | 1 2 3 4 |  4.2
Alchemy        | 10 11 12 13 14 | 14.5
Evocations     | 1 2 3 |  3.0
Fighting       | 1 3 6 |  6.0
Polearms       | 1 2 4 |  4.4
Armour         | 1 3 4 |  4.6
Invocations    | 4 5 7 |  7.8
Maces & Flails | 3 4 |  4.8
Air Magic      | 1 |  1.3
Unarmed Combat | |  0.4

Action                     |  1- 3 |  4- 6 |  7- 9 || total
---------------------------+-------+-------+-------++-------
  Melee: Unarmed           |     3 |       |       ||     3
         Halberd           |       |    12 |    28 ||    40
   Cast: Sting             |     3 |    30 |    15 ||    48
         Olgreb's Toxic Ra |       |     1 |     1 ||     2
         Sticky Flame      |       |       |     1 ||     1
         Mercury Vapours   |       |       |     1 ||     1
         Mephitic Cloud    |       |       |     3 ||     3
 Invoke: Heroism           |       |       |     1 ||     1
  Evoke: Wand              |     2 |       |     3 ||     5
    Use: Potion            |       |       |     3 ||     3
         Scroll            |       |       |     1 ||     1
 Armour: Robe              |     1 |       |       ||     1
         Troll leather arm |       |    13 |    24 ||    37
  Dodge: Dodged            |     2 |    17 |    29 ||    48
